Unix NetHack Version 5.0.0-0 post-release - last build May 31 2026 23:59:36 (970b52f25bf058293b47ddfd14a1e40e571c508c,branch:main).

Game began 2026-06-02 10:48:19, ended 2026-06-02 10:53:09.

GdeVolpiano, lawful female human Archeologist

     ------
     |..<.|
     |.....#     -------
     |....|#     |......##
     ------#     |.....| #
           #     |.....| #
          ##     -|-|--- ##
          #      ## #########                  ##                #
          #    ###  #      ##           ##########################
          #  ########       # ------     ######                  #
         ## ###   #         # |....|     #                       #
         #--.-----|------   ##....>|     #                       #
         #|.............|     |.^...  ####                       #
         #|.............|     |....|  ###                        #----.--
         #|.............|     |....-###                          #|..`@.+
         #..............|     ------                             #|.@...|
          |.............|                                        #-B....|
          ---------------                                         -------

GdeVolpiano the Digger     St:12 Dx:8 Co:15 In:13 Wi:17 Ch:10  Lawful
Dlvl:3  $:29 HP:0(13) Pw:3(3) AC:9  Xp:1 T:780 

Latest messages:
 d - an uncursed food ration (5 in total).
 k - a scroll of amnesia (2 in total).
 t - a uranium wand.
 What do you want to write with? [- agst or ?*]
 You write in the dust with your fingertip.
 What do you want to write with? [- agst or ?*]
 The engraving now reads: "|ever nind the mon??ers hi?ting you:  they just rep|a?e ?hc cha wcmcn.".
 What do you want to zap? [t or ?*]
 In what direction?
 Indy turns into a monkey!
 What do you want to zap? [t or ?*]
 In what direction?
 Indy turns into a rust monster!
 What do you want to zap? [t or ?*]
 In what direction?
 Indy turns into a black naga hatchling!
 What do you want to zap? [t or ?*]
 In what direction?
 Indy turns into a gray ooze!
 What do you want to zap? [t or ?*]
 In what direction?
 Indy turns into an elf-lady!
 What do you want to zap? [t or ?*]
 Nothing happens.
 What do you want to zap? [t or ?*]
 Nothing happens.
 What do you want to zap? [t or ?*]
 Never mind.
 #
 What do you want to adjust? [a-t or ?*]
 You don't have that object.
 What do you want to adjust? [a-t or ?*]
 Adjust letter to what [t-zA-Z] (? see used letters)?
 Moving: z - a wand of polymorph.
 What do you want to zap? [z or ?*]
 Nothing happens.
 What do you want to zap? [z or ?*]
 Nothing happens.
 The bat bites!
 The bat bites!
 What do you want to zap? [z or ?*]
 Nothing happens.
 The bat bites!
 The bat bites!
 What do you want to zap? [z or ?*]
 Nothing happens.
 The bat bites!
 The bat bites!
 You die...
 Do you want your possessions identified? [ynq] (y)

Inventory:
 Coins    ('$')
  $ - 29 gold pieces
 Weapons  (')')
  a - a +2 bullwhip (alternate weapon; not wielded)
 Armor    ('[')
  c - an uncursed +0 fedora (being worn)
  p - a cursed -1 pair of gauntlets of fumbling
  b - an uncursed +0 leather jacket (being worn)
 Comestibles  ('%')
  q - a cursed fig
  d - 5 uncursed food rations
 Scrolls  ('?')
  k - 2 uncursed scrolls of amnesia
  r - an uncursed scroll of earth
  j - a cursed scroll of identify
 Spellbooks  ('+')
  l - an uncursed spellbook of detect unseen
  n - an uncursed spellbook of knock
 Potions  ('!')
  o - an uncursed potion of gain energy
  m - an uncursed potion of water
 Rings    ('=')
  s - a blessed +1 ring of gain constitution
 Wands    ('/')
  z - a wand of polymorph (0:0)
 Tools    ('(')
  h - an empty uncursed sack
  i - an uncursed leash
  e - a +0 pick-axe (weapon in left hand)
  f - a tinning kit (0:47)
 Gems/Stones  ('*')
  g - an uncursed touchstone

GdeVolpiano the Archeologist's attributes:

Background:
 You were a Digger, a level 1 female human Archeologist.
 You were lawful, on a mission for Quetzalcoatl
 who was opposed by Camaxtli (neutral) and Huhetotl (chaotic).
 You were left-handed.
 You were in the Dungeons of Doom, on level 3.
 You entered the dungeon 780 turns ago.
 There was a full moon in effect when your adventure ended.
 You had 15 experience points, 5 more were needed to attain level 2.

Basics:
 You had 0 out of 13 hit points.
 You had all 3 energy points (spell power).
 Your armor class was 9.
 Your wallet contained 29 zorkmids.
 Autopickup was on for '$?!/="+' plus thrown, with exceptions.

Final Characteristics:
 Your strength was 12 (limit:18/100).
 Your dexterity was 8 (limit:18).
 Your constitution was 15 (limit:18).
 Your intelligence was 13 (limit:18).
 Your wisdom was 17 (limit:18).
 Your charisma was 10 (limit:18).

Final Status:
 You weren't hungry.
 You were unencumbered.
 You were wielding a pick-axe.
 You had basic skill with pick-axe.

Final Attributes:
 You were fervently aligned.
 You had automatic searching.
 You were lucky.
 You are dead.

Miscellaneous:
 You didn't encounter any bones levels.
 Total elapsed playing time was 4 minutes and 48 seconds.

Major events:
 Turn
    1: GdeVolpiano the lawful female human Archeologist entered the dungeon
  714: entered the Gnomish Mines
  780: killed by a bat

You didn't know any spells.

Skills:
 Fighting Skills
   bare handed combat [Unskilled]
   two weapon combat  [Unskilled]
   riding             [Unskilled]
 Weapon Skills
   dagger             [Unskilled]
   knife              [Unskilled]
   pick-axe           [Basic]
   short sword        [Unskilled]
   saber              [Unskilled]
   club               [Unskilled]
   quarterstaff       [Unskilled]
   sling              [Unskilled]
   dart               [Unskilled]
   boomerang          [Unskilled]
   whip               [Basic]
   unicorn horn       [Unskilled]
 Spellcasting Skills
   attack spells      [Unskilled]
   healing spells     [Unskilled]
   divination spells  [Unskilled]
   matter spells      [Unskilled]

Voluntary challenges:
 Character rerolling was not enabled.
 You were an atheist.
 You never genocided any monsters.
 You never polymorphed an object.
 You never changed form.
 You used no wishes.
Achievements:
 You entered a shop.
 You entered the Gnomish Mines.

 The Dungeons of Doom: levels 1 to 3
    Level 1:
       A fountain.
    Level 2:
       A potion shop, a fountain.
    Level 3: <- You were here.
       Stairs down to The Gnomish Mines.
       Final resting place for
          you, killed by a bat.
 The Gnomish Mines:
    Level 4:


Vanquished creatures:
  4 jackals
  a fox
  5 grid bugs
  a kobold zombie
  4 newts
15 creatures vanquished.

No species were genocided or became extinct.

Game over:
                       ----------
                      /          \
                     /    REST    \
                    /      IN      \
                   /     PEACE      \
                  /                  \
                  |   GdeVolpiano    |
                  |      29 Au       |
                  | killed by a bat  |
                  |                  |
                  |                  |
                  |                  |
                  |       2026       |
                 *|     *  *  *      | *
        _________)/\\_//(\/(/\)/\//\/|_)_______

Goodbye GdeVolpiano the Archeologist...

You died in The Dungeons of Doom on dungeon level 3 with 237 points,
and 29 pieces of gold, after 780 moves.
You were level 1 with a maximum of 13 hit points when you died.

